 Dungeon Crawl Stone Soup version 0.30-a0-528-g8c47a4955b (webtiles) character file.

Game seed: 6022006521051316911

17 kae the Conjurer (level 2, 0/4 (22) HPs)
             Began as a Demonspawn Reaver on Dec 23, 2022.
             Slain by a rat (3 damage)
             ... on level 1 of the Dungeon.
             The game lasted 00:00:34 (147 turns).

kae the Conjurer (Demonspawn Reaver)                 Turns: 147, Time: 00:00:35

HP:   0/4 (22)      AC:  3    Str: 12    XL:     2   Next: 44%
MP:   5/5           EV: 11    Int: 14    God:
Gold: 4             SH:  0    Dex: 11    Spells: 4/5 levels left

rFire   . . .      SeeInvis .    a - +0 falchion
rCold   . . .      Faith    .    (no shield)
rNeg    . . .      Spirit   .    b - +0 leather armour
rPois   .          Reflect  .    (no helmet)
rElec   .          Harm     .    (no cloak)
rCorr   .          Rampage  .    (no gloves)
Will    .....                    (no boots)
Stlth   +                        (no amulet)
HPRegen 0.20/turn                (no ring)
MPRegen 0.18/turn                (no ring)

@: extremely drained
A: magic regeneration
a: no special abilities


You were on level 1 of the Dungeon.
You visited 1 branch of the dungeon, and saw 1 of its levels.

You collected 4 gold pieces.


Innate Abilities, Weirdness & Mutations

You regenerate magic rapidly.


   Skills:
 + Level 2.2 Fighting
 * Level 3.0 Long Blades
 + Level 2.0 Dodging
 + Level 2.1 Spellcasting
 + Level 3.1 Conjurations


You had 4 spell levels left.
You knew the following spells:

 Your Spells              Type           Power      Damage    Failure   Level
a - Kiss of Death         Conj/Necr      20%        2d7       16%         1

Your spell library contained the following spells:

 Spells                   Type           Power      Damage    Failure   Level
 Momentum Strike          Conj/Tloc      10%        3d8       24%         2
 Hailstorm                Conj/Ice       5%         3d4       43%         3

Inventory:

Hand Weapons
 a - a +0 falchion (weapon)
Armour
 b - a +0 leather armour (worn)
Scrolls
 c - a scroll of blinking {unknown}
Potions
 d - a potion of berserk rage {unknown}

Dungeon Overview and Level Annotations

Branches:
Dungeon (1/15) Zot: 5850

Altars:

... ####...# ...##
♣.♣.# #..# #)#..
#.####♣#♣.♣#♣
##########..##........
#...........)..♣#♣.♣#♣
#..............###.#..
#................♣.♣.#
#...r@........†##..#
#..............###..>#
#..............# ###.#
#..............# .#
#..............# #
................#
........?........#
.....[...........#


You could see a rat.


Message History

Casting: Kiss of Death (safe; 16% risk of failure)
Confirm with . or Enter, or press ? or * to list all spells.
Aiming: Kiss of Death (safe; 16% risk of failure)
Press: ? - help, Shift-Dir - straight line, f/p - gnoll
Aim: a gnoll, wielding a +0 club (almost dead, heavily drained, 100% to hit)
The negative energy hits the gnoll.
The gnoll is drained!
You kill the gnoll!
You feel drained.
You have reached level 2!
Your demonic ancestry asserts itself...
Your magic begins to regenerate rapidly. 😨 HP[-1] MP[-1]
You now have 15 max hp (+9).
Unknown command.
Your magical contamination has completely faded away. 😨 HP[+1]
Found an escape hatch in the floor. 😕 HP[+7] MP[+5]
You regained 7 hp, and now have 13/15 hp.
Your mp is fully restored (5).
A kobold is nearby! 😎 HP[+2]
Your hp is fully restored (15).
A kobold is nearby!
A kobold is nearby!
Casting: Kiss of Death (safe; 16% risk of failure)
Confirm with . or Enter, or press ? or * to list all spells.
Aiming: Kiss of Death (safe; 16% risk of failure)
Press: ? - help, Shift-Dir - straight line, f - kobold
Aim: a kobold, wielding a +0 short sword (100% to hit)
The negative energy hits the kobold.
The kobold is drained!
You kill the kobold!
You feel drained.
Your Dodging skill increases to level 2! 😕 HP[-4] MP[-1]
You now have 12 max hp (-3).
You take 4 damage, and now have 11/12 hp.
MASSIVE DAMAGE!! (PAUSE)
You lost 1 mp, and now have 4/5 mp.
A frilled lizard comes into view.
Found a bubbling amethyst potion.
Found a stone staircase leading down. 😎 HP[+1] MP[+1]
Your hp is fully restored (12).
Your mp is fully restored (5).
A frilled lizard is nearby!
Unknown command.
A frilled lizard is nearby!
A frilled lizard is nearby!
A bat comes into view.
The bat closely misses you.
You hit the bat.
You kill the bat!
Casting: Kiss of Death (safe; 16% risk of failure)
Confirm with . or Enter, or press ? or * to list all spells.
Aiming: Kiss of Death (safe; 16% risk of failure)
Press: ? - help, Shift-Dir - straight line, f - frilled lizard
Aim: a frilled lizard (100% to hit)
The negative energy hits the frilled lizard.
The frilled lizard is drained!
You kill the frilled lizard!
You feel drained.
Your Long Blades skill increases to level 3! 😎 HP[-4] MP[-1]
You now have 8 max hp (-4).
You lost 1 mp, and now have 4/5 mp.
A quokka comes into view.
A quokka is nearby!
The quokka twitches its whiskers.
You hit the quokka but do no damage. The quokka bites you.
Ouch! That really hurt!
* * * LOW HITPOINT WARNING * * *
The quokka bites you.
* * * LOW HITPOINT WARNING * * *
You are too injured to fight recklessly! 😱 HP[-7]
You take 7 damage, and now have 1/8 hp.
MASSIVE DAMAGE!! (PAUSE)
Casting: Kiss of Death (safe; 16% risk of failure)
Confirm with . or Enter, or press ? or * to list all spells.
Aiming: Kiss of Death (safe; 16% risk of failure)
Press: ? - help, Shift-Dir - straight line, f - quokka
Aim: a quokka (100% to hit)
The negative energy hits the quokka!
The quokka is drained!
You kill the quokka!
You feel drained.
You now have 4 max hp (-4).
d - a bubbling amethyst potion 😮 HP[+2] MP[+1]
You regained 2 hp, and now have 3/4 hp.
Your mp is fully restored (5).
You now have 4 gold pieces.
A rat comes into view. 😎 HP[+1]
Your hp is fully restored (4).
Unknown command.
A rat is nearby!
A rat is nearby!
A rat is nearby!
You hit the rat. The rat bites you but does no damage.
You barely miss the rat. The rat bites you.
You closely miss the rat. The rat bites you.
Ouch! That really hurt!
You die...

Skill      XL: |  1  2 |
---------------+-------+-----
Dodging        | 2 |  2.0
Long Blades    | 3 |  3.0
Fighting       | |  2.2
Spellcasting   | |  2.1
Conjurations   | |  3.1

Action                   || total
-------------------------++-------
Melee: Falchion          ||     6
 Cast: Kiss of Death     ||     7
Armor: Leather armour    ||     2
Dodge: Dodged            ||     2

Levels and vault maps discovered:
D:1:      saegor_arrival_miasma, layout_basic, serial_forest,
          infiniplex_forest_end_1, infiniplex_forest_pool,
          infiniplex_forest_clump_medium, infiniplex_forest_lined_4_way,
          infiniplex_forest_straight_5, infiniplex_forest_lined_room_2,
          infiniplex_forest_lined_3, infiniplex_forest_straight_2,
          infiniplex_forest_clump_tiny

Notes
Turn   | Place    | Note
-------+----------+-------------------------------------------
     0 | D:1      | kae the Demonspawn Reaver began the quest for the Orb.
     0 | D:1      | Reached XP level 1. HP: 16/16 MP: 3/3
     0 | D:1      | magus.rc [v1.11.3]
    53 | D:1      | Gained mutation: You regenerate magic rapidly. [demonic
                  | ancestry]
    53 | D:1      | Reached XP level 2. HP: 5/15 MP: 0/5
   112 | D:1      | Reached skill level 2 in Dodging
   123 | D:1      | Reached skill level 3 in Long Blades
   126 | D:1      | HP: 1/8 [quokka (3)]
   147 | D:1      | Slain by a rat

Vanquished Creatures
  A gnoll (D:1)
  A giant cockroach (D:1)
  A hobgoblin (D:1)
  A kobold (D:1)
  A quokka (D:1)
  A bat (D:1)
  A frilled lizard (D:1)
7 creatures vanquished.

Table legend:
 A = Non-vault XP
 B = Vault XP
 C = Vault XP percentage of total XP
 D = Non-vault monster count
 E = Vault monster count
 F = Vault count percentage of total count
                 A         B        C        D         E       F
            +---------+---------+-------+---------+---------+-------
      Total |      25 |       0 |   0.0 |       7 |       0 |   0.0
            +---------+---------+-------+---------+---------+-------
        D:1 |      25 |       0 |   0.0 |       7 |       0 |   0.0
            +---------+---------+-------+---------+---------+-------

Illustrated notes

Table legend:
 A = Kills in this place as a percentage of kills in entire the game.
 B = Kills by you in this place as a percentage of kills by you in the entire game.
 C = Kills by friends in this place as a percentage of kills by friends in the entire game.
 D = Other kills in this place as a percentage of other kills in the entire game.
 E = Experience gained in this place as a percentage of experience gained in the entire game.
 F = Experience gained in this place divided by the number of levels of this place that you have seen.
                   A       B       C       D       E      F
               +-------+-------+-------+-------+-------+----------------------
         Total | 100.0 | 100.0 |   N/A |   N/A | 100.0 |  25.0
       Dungeon | 100.0 | 100.0 |   N/A |   N/A | 100.0 |  25.0
               +-------+-------+-------+-------+-------+----------------------

Table legend: (Time is in decaauts)
 A = Elapsed time spent in this place.
 B = Non-inter-level travel time spent in this place.
 C = Inter-level travel time spent in this place.
 D = Time resting spent in this place.
 E = Time spent auto-exploring this place.
 F = Levels seen in this place.
 G = Mean time per level.
                   A        B        C        D        E       F      G
               +--------+--------+--------+--------+--------+-----+--------+
         Total |    147 |    147 |      0 |      0 |    100 |   1 |  147.0 |
       Dungeon |    147 |    147 |      0 |      0 |    100 |   1 |  147.0 |
               +--------+--------+--------+--------+--------+-----+--------+

Top non-repeatable levels by time:
     D:1: 147 daAuts
